 Dungeon Crawl Stone Soup version 0.28-a0-514-g0d7ab7f379 (webtiles) character file.

Game seed: 17352581387154059923

12 meatgazer the Changer (level 2, 0/22 HPs)
             Began as a Demonspawn Wanderer on Sept 22, 2021.
             Slain by a worm (10 damage)
             ... on level 2 of the Dungeon.
             The game lasted 00:00:44 (513 turns).

meatgazer the Changer (Demonspawn Wanderer)          Turns: 513, Time: 00:00:44

Health: 0/22       AC:  2    Str: 14    XL:     2   Next: 20%
Magic:  3/3        EV: 11    Int: 11    God:
Gold:   16         SH:  0    Dex: 12    Spells: 2/3 levels left

rFire   . . .      SeeInvis .   a - +2 hand axe
rCold   . . .      Faith    .   (no shield)
rNeg    . . .      Spirit   .   c - +0 robe
rPois   .          Reflect  .   (helmet restricted)
rElec   .          Harm     .   (no cloak)
rCorr   .          Rampage  .   (no gloves)
Will    .....                   (no boots)
Stlth   +.........              (no amulet)
HPRegen 0.07/turn               (no ring)
MPRegen 0.08/turn               (no ring)

@: no status effects
A: horns 1
a: no special abilities


You were on level 2 of the Dungeon.
You visited 1 branch of the dungeon, and saw 2 of its levels.

You collected 16 gold pieces.

Inventory:

Hand Weapons
 a - a +2 hand axe (weapon)
Armour
 c - a +0 robe (worn)
Magical Staves
 f - a staff of poison
Scrolls
 e - a scroll of identify {unknown}
Potions
 b - a potion of lignification
 d - a potion of brilliance {unknown}
 g - a potion of ambrosia {unknown}


   Skills:
 + Level 2.0 Fighting
 + Level 1.3 Axes
 + Level 1.1 Shields
 + Level 1.0 Spellcasting
 + Level 3.9 Transmutations
 + Level 1.0 Evocations


You had 2 spell levels left.
You knew the following spells:

 Your Spells              Type           Power      Damage    Failure   Level
a - Foxfire               Conj/Fire      0%         2x1d4     32%         1

Your spell library contained the following spells:

 Spells                   Type           Power      Damage    Failure   Level
 Inner Flame              Hex/Fire       0%         N/A       67%         3


Dungeon Overview and Level Annotations

Branches:
Dungeon (2/15)

Altars:


Innate Abilities, Weirdness & Mutations

You have a pair of small horns on your head.


Message History

You barely miss the worm.
You headbutt the worm, but do no damage.
The worm is severely wounded.
You completely miss the worm. You headbutt the worm.
The worm is almost dead.
The worm bites you but does no damage.
You barely miss the worm.
The worm is almost dead.
The worm bites you.
You are too injured to fight recklessly!
You are too injured to fight recklessly!
You are too injured to fight recklessly!
You are too injured to fight recklessly!
You are too injured to fight recklessly!
You are too injured to fight recklessly!
You are too injured to fight recklessly!
You are too injured to fight recklessly!
You are too injured to fight recklessly!
You are too injured to fight recklessly!
You are too injured to fight recklessly!
You are too injured to fight recklessly!
You are too injured to fight recklessly!
You are too injured to fight recklessly!
Found a scroll labelled BIMUSHRO BOISMI.
Found a book of Dreams.
An endoplasm comes into view.
A bat comes into view.
Found a stone staircase leading down.
The bat hits you.
You see here a book of Dreams.
You closely miss the bat. The bat barely misses you.
The bat hits you but does no damage.
You hit the bat.
You kill the bat!
You see here a bat corpse.
The endoplasm quivers.
There is a stone staircase leading down here.
There is a stone staircase leading down here.
The endoplasm closely misses you. The worm bites you!
You die...

#.##.#.##.......#
..##.#.##.#####.#
.....##.#####.#
........?.....#
........#######
###..##:#
......#†#
......#w#
.###..#@# #.#J#
#...# ##..#
.#####.>#######
...............
###############


You could see a worm and an endoplasm.

Vanquished Creatures
  2 endoplasms
  3 hobgoblins
  3 bats (D:2)
  A frilled lizard (D:2)
  3 rats (D:2)
12 creatures vanquished.

Notes
Turn   | Place    | Note
-------+----------+-------------------------------------------
     0 | D:1      | meatgazer the Demonspawn Wanderer began the quest for the
                  | Orb.
     0 | D:1      | meatgazer set off with the following items: a +2 hand axe,
                  | a potion of lignification, a +0 robe; and the following
                  | spell memorised: Foxfire; and the following spells
                  | available to memorise: Inner Flame
     0 | D:1      | Reached XP level 1. HP: 16/16 MP: 2/2
   369 | D:2      | Gained mutation: You have a pair of small horns on your
                  | head. [demonic ancestry]
   369 | D:2      | Reached XP level 2. HP: 18/22 MP: 3/3
   513 | D:2      | Slain by a worm

Illustrated notes

Levels and vault maps discovered:
D:1:      dpeg_arrival_boxes_within_box, layout_loops_ring,
          dreamdust_ecumenical_altar_statues
D:2:      cheibrodos_greedy_goblins, layout_basic, minmay_tree_intersection

Action                   || total
-------------------------++-------
Melee: Hand axe          ||    33
       Headbutt          ||     4
Armor: Robe              ||     7
Dodge: Dodged            ||    26

Table legend: (Time is in decaauts)
 A = Elapsed time spent in this place.
 B = Non-inter-level travel time spent in this place.
 C = Inter-level travel time spent in this place.
 D = Time resting spent in this place.
 E = Time spent auto-exploring this place.
 F = Levels seen in this place.
 G = Mean time per level.
                   A        B        C        D        E       F      G
               +--------+--------+--------+--------+--------+-----+--------+
         Total |    520 |    512 |      8 |      0 |    407 |   2 |  260.0 |
       Dungeon |    520 |    512 |      8 |      0 |    407 |   2 |  260.0 |
               +--------+--------+--------+--------+--------+-----+--------+

Top non-repeatable levels by time:
     D:2: 305 daAuts
     D:1: 215 daAuts
